[Event "Titled Tuesday Blitz July 11 Late 2023"]
[White "Adewumi, Tanitoluwa"]
[Black "Duda, Jan-Krzysztof"]
[WhiteFideId "30966396"]
[BlackFideId "1170546"]
[WhiteElo "2653"]
[BlackElo "3026"]
[Result "0-1"]
[Round "8"]
[TimeControl "180+2"]
[Date "2023.07.11"]
[WhiteClock "0:00:04"]
[BlackClock "0:00:07"]
[Board "33"]

1. e4 e5 2. Nf3 Nc6 3. Nc3 Nf6 4. Bb5 Bc5 5. Bxc6 dxc6 6. d3 Qe7 7. Be3 Bd6 8. h3 a5 9. O-O a4 10. Ne2 a3 11. b3 O-O 12. Ng3 Re8 13. Nd2 Be6 14. Qf3 Nd7 15. Nf5 Qf6 16. Qg4 Bf8 17. Qf3 c5 18. g4 g6 19. Qg3 Kh8 20. g5 Qd8 21. Nh6 Bg7 22. Rae1 f6 23. f4 fxg5 24. fxg5 Qe7 25. Kg2 Nb8 26. Qf2 Nc6 27. Nf7+ Kg8 28. Nh6+ Bxh6 29. gxh6 Nd4 30. Nf3 Rf8 31. Bxd4 exd4 32. Qg3 Rf6 33. Ng5 Raf8 34. Rxf6 Rxf6 35. h4 Bd7 36. Rf1 Rxf1 37. Kxf1 Qd6 38. Qf2 Be8 39. Ke2 b5 40. Kd2 c4 41. dxc4 bxc4 42. bxc4 Qb4+ 43. Kc1 Qb2+ 44. Kd1 Qb1+ 45. Kd2 Qb4+ 46. Kd1 d3 47. cxd3 Qb1+ 48. Kd2 Qxa2+ 49. Ke3 Qxf2+ 50. Kxf2 a2 51. Nf3 a1=Q 52. Ke3 Qc1+ 53. Kd4 Bd7 54. Ne5 Be6 55. Kc5 Qxh6 56. Kd4 Qg7 57. c5 h5 58. c6 g5 59. hxg5 h4 60. g6 h3 61. Kc5 Qxe5+ 62. Kb4 Qd4+ 63. Kb5 0-1


[Site "https://www.chess.com"]

[Event "Titled Tuesday Blitz July 11 Late 2023"]
[White "Skliarov, Viktor"]
[Black "Pranav, V"]
[WhiteFideId "14106736"]
[BlackFideId "25060783"]
[WhiteElo "2632"]
[BlackElo "2945"]
[Result "1-0"]
[Round "8"]
[TimeControl "180+2"]
[Date "2023.07.11"]
[WhiteClock "0:00:28"]
[BlackClock "0:01:18"]
[Board "34"]

1. e4 e5 2. Nc3 Nf6 3. Bc4 Nc6 4. d3 Bc5 5. a3 a6 6. h3 d6 7. Nge2 h6 8. Ng3 Be6 9. Nd5 Bd7 10. c3 Nxd5 11. Bxd5 Ne7 12. Bxb7 Ra7 13. Bd5 Nxd5 14. exd5 O-O 15. b4 Bb6 16. Be3 Bxe3 17. fxe3 Qh4 18. Qf3 f5 19. O-O a5 20. Qf2 Qg5 21. e4 axb4 22. Qxa7 Qxg3 23. Rf3 Qg5 24. Qxc7 Rf7 25. axb4 Kh7 26. Qxd6 f4 27. Kh2 Qh5 28. Ra7 Bg4 29. Rxf7 Bxf3 30. Qe7 Qg6 31. Rxg7+ 1-0


[Site "https://www.chess.com"]

[Event "Titled Tuesday Blitz July 11 Late 2023"]
[White "Ter-Sahakyan, Samvel"]
[Black "Ambartsumova, Karina"]
[WhiteFideId "13302531"]
[BlackFideId "4166299"]
[WhiteElo "2826"]
[BlackElo "2611"]
[Result "1-0"]
[Round "8"]
[TimeControl "180+2"]
[Date "2023.07.11"]
[WhiteClock "0:00:26"]
[BlackClock "0:00:00"]
[Board "35"]

1. e4 e5 2. Nf3 Nc6 3. Nc3 Nf6 4. Bc4 Be7 5. d3 O-O 6. g4 Nxg4 7. Rg1 d6 8. h3 Nf6 9. Bh6 Ne8 10. Ng5 Bxg5 11. Bxg5 Qd7 12. Nd5 Kh8 13. h4 f6 14. Bd2 Nd4 15. c3 Ne6 16. Qf3 c6 17. Ne3 b5 18. Bb3 Nc5 19. Bc2 Bb7 20. O-O-O d5 21. Nf5 d4 22. cxd4 exd4 23. Bb4 Ne6 24. Bxf8 Nxf8 25. h5 c5 26. Nxg7 Nxg7 27. Qxf6 Ne6 28. h6 Rc8 29. hxg7+ Nxg7 30. Rg5 Rg8 31. Rh1 1-0


[Site "https://www.chess.com"]

[Event "Titled Tuesday Blitz July 11 Late 2023"]
[White "Troff, Kayden"]
[Black "Piesik, Piotr"]
[WhiteFideId "2047896"]
[BlackFideId "1136194"]
[WhiteElo "2793"]
[BlackElo "2606"]
[Result "1-0"]
[Round "8"]
[TimeControl "180+2"]
[Date "2023.07.11"]
[WhiteClock "0:00:07"]
[BlackClock "0:00:00"]
[Board "36"]

1. d4 c5 2. dxc5 e6 3. Be3 Na6 4. Nf3 Nxc5 5. g3 d5 6. Bg2 Nf6 7. O-O Be7 8. Nbd2 O-O 9. c4 b6 10. Rc1 Bb7 11. b4 Nce4 12. c5 bxc5 13. bxc5 Nxd2 14. Qxd2 Ne4 15. Qb4 Ba6 16. Nd4 Qc7 17. Bxe4 dxe4 18. Qa4 Qc8 19. Rfd1 e5 20. Nc6 Bf6 21. Rd6 Re8 22. Rc2 Bb7 23. Na5 Be7 24. c6 Ba6 25. Rd7 Rb8 26. Nb7 Rd8 27. Nxd8 Bb5 28. Rxe7 Qxd8 29. c7 Qd1+ 30. Kg2 1-0


[Site "https://www.chess.com"]

[Event "Titled Tuesday Blitz July 11 Late 2023"]
[White "Seletsky, Grigory"]
[Black "Oro, Faustino"]
[WhiteFideId "14112191"]
[BlackFideId "20000197"]
[WhiteElo "2444"]
[BlackElo "2736"]
[Result "1-0"]
[Round "8"]
[TimeControl "180+2"]
[Date "2023.07.11"]
[WhiteClock "0:00:18"]
[BlackClock "0:00:01"]
[Board "38"]

1. a3 Nf6 2. c4 e5 3. Nc3 g6 4. d3 Bg7 5. g3 O-O 6. Bg2 Re8 7. e4 d6 8. Nge2 Nc6 9. O-O a5 10. h3 h6 11. f4 exf4 12. gxf4 Nh5 13. d4 Qh4 14. d5 Nd8 15. Rf3 g5 16. f5 Be5 17. Be3 g4 18. hxg4 Qxg4 19. Bd4 Kh7 20. Qd3 Rg8 21. Rf2 f6 22. Bxe5 fxe5 23. Kf1 Nf7 24. Ke1 Ng5 25. Kd2 Qh4 26. Raf1 Bd7 27. Bf3 Nf6 28. Qe3 Nxf3+ 29. Qxf3 Ng4 30. Rg2 Qg5+ 31. Kd3 h5 32. Rh1 Kg7 33. Ng3 Kf7 34. Nxh5 Ke7 35. Rhg1 Qxh5 36. Rxg4 Rxg4 37. Qxg4 Qxg4 38. Rxg4 Kf7 39. Rh4 Kg7 40. Nd1 Rg8 41. Rg4+ Kf7 42. Rxg8 Kxg8 43. b4 axb4 44. axb4 Kg7 45. c5 Bb5+ 46. Ke3 Kf6 47. Nc3 Bc4 48. c6 bxc6 49. dxc6 Ke7 50. Nd5+ Kd8 51. f6 Ke8 52. Nxc7+ 1-0


[Site "https://www.chess.com"]

[Event "Titled Tuesday Blitz July 11 Late 2023"]
[White "Rosen, Eric"]
[Black "Pinero Rodriguez, Carlos Jose"]
[WhiteFideId "2032562"]
[BlackFideId "3901726"]
[WhiteElo "2698"]
[BlackElo "2437"]
[Result "0-1"]
[Round "8"]
[TimeControl "180+2"]
[Date "2023.07.11"]
[WhiteClock "0:00:03"]
[BlackClock "0:00:15"]
[Board "39"]

1. d4 Nf6 2. Bf4 e6 3. e3 d6 4. Nf3 b6 5. c4 Bb7 6. Nc3 h6 7. Qc2 Nh5 8. Bg3 Nxg3 9. hxg3 Nd7 10. O-O-O a6 11. Kb1 c5 12. g4 Be7 13. d5 e5 14. Bd3 Qc7 15. g5 h5 16. g6 f6 17. Bf5 Nf8 18. g4 h4 19. Nxh4 Bc8 20. Nf3 Rg8 21. Rh5 Bd7 22. Rdh1 O-O-O 23. Rh8 Rxh8 24. Rxh8 Kb7 25. e4 Be8 26. Nh4 Nd7 27. Rg8 Bf8 28. Qb3 Rb8 29. a4 Ka7 30. Qa3 Qd8 31. Be6 Rb7 32. Ka2 Rc7 33. f3 Rb7 34. Nd1 Kb8 35. Nc3 Ka7 36. Qb3 Qb8 37. Kb1 Qd8 38. Bf5 Qe7 39. Ng2 Qd8 40. Ne3 Ka8 41. Qc2 Ka7 42. Qh2 Rb8 43. Qh8 Kb7 44. Rxf8 Nxf8 45. Qxf8 Qc7 46. Qh8 Bxa4 47. Qh7 Be8 48. Be6 b5 49. Nf5 b4 50. Ne2 Ka8 51. Qxg7 Qa5 52. Nc1 b3 53. Qc7 Qxc7 54. g7 Bf7 55. Nh6 Bxe6 56. dxe6 Qxg7 57. Nf5 Qg5 58. e7 Qd2 59. Nxb3 Qd3+ 60. Kc1 Qxb3 61. Nxd6 Qe3+ 62. Kc2 Qxf3 63. e8=Q Rxe8 64. Nxe8 Qxe4+ 65. Kb3 Qd3+ 66. Ka2 Qxc4+ 67. Kb1 Qd3+ 68. Ka1 Qd1+ 69. Ka2 Qa4+ 70. Kb1 Qxe8 71. b3 Qg6+ 72. Kb2 Qxg4 73. Ka3 Qb4+ 74. Ka2 c4 75. Ka1 e4 76. Kb2 Qxb3+ 77. Ka1 Qb4 78. Ka2 c3 79. Ka1 Qb2# 0-1


[Site "https://www.chess.com"]

[Event "Titled Tuesday Blitz July 11 Late 2023"]
[White "Martinez Ramirez, Lennis"]
[Black "Vujacic, Igor"]
[WhiteFideId "3509079"]
[BlackFideId "932620"]
[WhiteElo "2653"]
[BlackElo "2245"]
[Result "0-1"]
[Round "8"]
[TimeControl "180+2"]
[Date "2023.07.11"]
[WhiteClock "0:00:20"]
[BlackClock "0:00:06"]
[Board "40"]

1. d4 d5 2. c4 e6 3. Nf3 a6 4. Nbd2 dxc4 5. Nxc4 b5 6. Nce5 Bb7 7. a4 c5 8. axb5 axb5 9. Rxa8 Bxa8 10. e3 c4 11. b3 Qa5+ 12. Ke2 Qa2+ 13. Qd2 cxb3 14. Nd3 Nf6 15. Bb2 Bd6 16. g3 Bxf3+ 17. Kxf3 Qa8+ 18. Ke2 Qxh1 19. h3 Qc6 20. Qa5 O-O 21. Ne1 Qc4+ 22. Nd3 Ne4 23. Kf3 Nd2+ 24. Qxd2 Qc2 25. Qa5 Qc6+ 26. Ke2 Nd7 27. Qc3 Qxc3 28. Bxc3 Ra8 29. Nc1 b4 30. Bb2 Nb6 31. Bg2 Rc8 32. Kd1 Na4 33. Nd3 Nxb2+ 34. Nxb2 Rc2 35. Nd3 Ra2 36. Be4 f5 37. Bc6 Kf7 38. Bb5 Rc2 39. Ba4 Rc3 40. Kd2 Kf6 41. f4 g6 42. Bb5 Rc2+ 43. Kd1 Rh2 44. g4 Rxh3 45. g5+ Ke7 46. Kd2 Rh2+ 47. Kd1 b2 48. Nxb2 Rxb2 49. d5 exd5 50. Bd3 b3 51. Bxf5 gxf5 52. e4 dxe4 53. Ke1 Kf7 54. Kf1 Kg6 55. Kg1 Bxf4 56. Kf1 Rc2 57. Ke1 b2 58. Kd1 b1=Q# 0-1


[Site "https://www.chess.com"]

[Event "Titled Tuesday Blitz July 11 Late 2023"]
[White "GAO"]
[Black "Schmakel, Sam"]
[BlackFideId "2039311"]
[WhiteElo "2410"]
[BlackElo "2778"]
[Result "0-1"]
[Round "8"]
[TimeControl "180+2"]
[Date "2023.07.11"]
[WhiteClock "0:00:06"]
[BlackClock "0:00:16"]
[Board "41"]

1. e4 e5 2. Nf3 Nc6 3. d4 exd4 4. Bc4 Bc5 5. c3 Nf6 6. e5 d5 7. Bb5 Ne4 8. cxd4 Bb6 9. O-O O-O 10. Nc3 Bg4 11. h3 Bh5 12. Be3 Nxc3 13. bxc3 f6 14. exf6 Qxf6 15. Be2 Rae8 16. Qb3 Bf7 17. Rfe1 h6 18. Bd3 Re7 19. Re2 Rfe8 20. Rae1 Na5 21. Qc2 Nc4 22. Bxc4 dxc4 23. Ne5 Bd5 24. Qg6 Qxg6 25. Nxg6 Rd7 26. Bf4 Rxe2 27. Rxe2 Bf7 28. Ne5 Re7 29. Kf1 Bd5 30. f3 Ba5 31. Bd2 b5 32. Ng6 Rxe2 33. Kxe2 Kf7 34. Nf4 c6 35. Be1 Bc7 36. Bd2 g5 37. Nh5 a5 38. g4 Bd6 39. f4 Kg6 40. f5+ Kf7 41. h4 Be7 42. hxg5 hxg5 43. Ng3 b4 44. Ke3 Bd6 45. Ne4 Bf4+ 46. Ke2 Bxe4 47. Bxf4 gxf4 48. Kf2 b3 49. a3 b2 50. Ke2 b1=Q 51. g5 Qc2+ 0-1


[Site "https://www.chess.com"]

[Event "Titled Tuesday Blitz July 11 Late 2023"]
[White "Moral Garcia, Serafin"]
[Black "Krzyzanowski, Marcin"]
[WhiteFideId "2201925"]
[BlackFideId "1132199"]
[WhiteElo "2548"]
[BlackElo "2770"]
[Result "1/2-1/2"]
[Round "8"]
[TimeControl "180+2"]
[Date "2023.07.11"]
[WhiteClock "0:00:09"]
[BlackClock "0:00:02"]
[Board "42"]

1. e4 c5 2. Nf3 Nc6 3. Bb5 a6 4. Bxc6 dxc6 5. d3 g6 6. O-O Bg4 7. Nbd2 Bg7 8. h3 Bxf3 9. Nxf3 e5 10. a4 a5 11. Be3 b6 12. Nd2 Ne7 13. Nc4 O-O 14. Qd2 Re8 15. b4 axb4 16. a5 Nc8 17. axb6 Rxa1 18. Rxa1 Nxb6 19. Na5 Nd7 20. Nxc6 Qc7 21. Na5 Ra8 22. Nb3 Rxa1+ 23. Nxa1 f5 24. f3 Nb6 25. Nb3 Na4 26. Qf2 Bf8 27. exf5 gxf5 28. Qg3+ Qg7 29. Qxg7+ Kxg7 30. g4 Kf6 31. Kf2 Ke6 32. h4 fxg4 33. fxg4 Kd5 34. Kf3 c4 35. dxc4+ Kxc4 36. Ke4 Kc3 37. Kxe5 Kxc2 38. Na5 Kd3 39. Bc1 Nc5 40. Kf6 Ne4+ 41. Kf7 Bd6 42. Kg7 Kc2 43. Be3 Bc7 44. Nc4 Kd3 45. Bc1 Kxc4 46. Kxh7 Nf6+ 47. Kg6 Nxg4 48. h5 Kd3 49. Kg5 Nf2 50. h6 Ne4+ 51. Kg6 Be5 52. h7 b3 53. Bh6 b2 54. Bg7 Bxg7 55. Kxg7 b1=Q 56. h8=Q Qb7+ 57. Kg6 Qc6+ 58. Kf5 Qd7+ 59. Kf4 Qd6+ 60. Qe5 Qh6+ 61. Kf5 Qg5+ 62. Ke6 Qg6+ 63. Ke7 Ke3 64. Qe6 Qg7+ 65. Qf7 Qe5+ 66. Qe6 Qc5+ 67. Ke8 Kf4 68. Qh6+ Kf5 69. Qh3+ Kf6 70. Qh8+ Ke6 71. Qg8+ Kd6 72. Qf8+ Kd5 73. Qxc5+ Kxc5 1/2-1/2


[Site "https://www.chess.com"]

[Event "Titled Tuesday Blitz July 11 Late 2023"]
[White "Morefield, Jason"]
[Black "MFatigue"]
[WhiteFideId "30920825"]
[WhiteElo "2768"]
[BlackElo "2545"]
[Result "1-0"]
[Round "8"]
[TimeControl "180+2"]
[Date "2023.07.11"]
[WhiteClock "0:01:07"]
[BlackClock "0:01:28"]
[Board "43"]

1. a3 g6 2. h4 Bg7 3. h5 d6 4. d3 f5 5. Nf3 e5 6. Bg5 Bf6 7. hxg6 h6 8. Bc1 Ne7 9. Rxh6 Rxh6 10. Bxh6 Nxg6 11. Nbd2 Nc6 12. e4 f4 13. Nh2 Be6 14. Qh5 Bf7 15. Ng4 Qe7 16. Nf3 Nh4 17. Nxf6+ Qxf6 18. Qxh4 1-0


[Site "https://www.chess.com"]

[Event "Titled Tuesday Blitz July 11 Late 2023"]
[White "Tanenbaum, Zachary"]
[Black "Jovic, Stanoje"]
[WhiteFideId "2060850"]
[BlackFideId "905020"]
[WhiteElo "2744"]
[BlackElo "2529"]
[Result "1-0"]
[Round "8"]
[TimeControl "180+2"]
[Date "2023.07.11"]
[WhiteClock "0:01:14"]
[BlackClock "0:00:00"]
[Board "44"]

1. e4 c6 2. d4 d5 3. exd5 cxd5 4. Bd3 Nc6 5. c3 e5 6. dxe5 Nxe5 7. Bb5+ Nc6 8. Nf3 Nf6 9. O-O Be7 10. h3 O-O 11. Be3 Bf5 12. Bd3 Be4 13. Bc2 Re8 14. Nbd2 a5 15. Nxe4 dxe4 16. Nd4 Ne5 17. Nf5 Bf8 18. Ba4 Re6 19. Bb3 Re8 20. Bd4 Nd3 21. Qd2 Bc5 22. Qg5 Nh5 23. Nh6+ Kf8 24. Bxc5+ Nxc5 25. Qxc5+ 1-0


[Site "https://www.chess.com"]

[Event "Titled Tuesday Blitz July 11 Late 2023"]
[White "Rozman, Levy"]
[Black "ArchibaldCerveza29"]
[WhiteFideId "2039877"]
[WhiteElo "2744"]
[BlackElo "2527"]
[Result "0-1"]
[Round "8"]
[TimeControl "180+2"]
[Date "2023.07.11"]
[WhiteClock "0:00:16"]
[BlackClock "0:00:15"]
[Board "45"]

1. e4 e5 2. Nc3 Nf6 3. f4 d5 4. fxe5 Nxe4 5. Qf3 f5 6. d3 Nxc3 7. bxc3 d4 8. Qg3 Nc6 9. Be2 Be6 10. c4 Qd7 11. Bf3 O-O-O 12. Rb1 b6 13. Ne2 Nb4 14. O-O Nxc2 15. a4 Qxa4 16. Bg5 Re8 17. Nf4 h6 18. Nxe6 Rxe6 19. Bd5 Re8 20. Bd2 Bc5 21. Qxg7 Ne3 22. Ra1 Qd7 23. Qg6 Nxd5 24. cxd5 Qxd5 25. Qxf5+ Kb7 26. Bf4 Rhg8 27. Rf2 a5 28. Qh3 Ref8 29. g3 Rg6 30. Re1 Re6 31. Rfe2 a4 32. Qf1 a3 33. Qf2 Rg6 34. Kf1 Qh1+ 35. Qg1 Qxg1+ 36. Kxg1 Rxf4 37. e6 Rf8 0-1


[Site "https://www.chess.com"]

[Event "Titled Tuesday Blitz July 11 Late 2023"]
[White "Jaferian, Koosha"]
[Black "Vovk, Orest"]
[WhiteFideId "12507440"]
[BlackFideId "14113490"]
[WhiteElo "2707"]
[BlackElo "2526"]
[Result "1/2-1/2"]
[Round "8"]
[TimeControl "180+2"]
[Date "2023.07.11"]
[WhiteClock "0:00:17"]
[BlackClock "0:00:08"]
[Board "46"]

1. e4 g5 2. d4 g4 3. h3 d5 4. e5 c5 5. hxg4 cxd4 6. Qxd4 Nc6 7. Qf4 Bg7 8. Nf3 Qc7 9. Bb5 Bd7 10. Nc3 Bxe5 11. Nxe5 Qxe5+ 12. Qxe5 Nxe5 13. Bxd7+ Kxd7 14. Nxd5 Nxg4 15. Be3 Nxe3 16. Nxe3 Nf6 17. O-O-O+ Ke8 18. Nf5 Rg8 19. Rhe1 e6 20. Nd6+ Ke7 21. g3 b6 22. Rd2 Rg5 23. c4 Rd8 24. Red1 Kf8 25. Nb5 Rxd2 26. Rxd2 Rc5 27. b3 a6 28. Nd6 Ke7 29. f3 Rc6 30. Ne4 Nxe4 31. fxe4 Rc5 32. Kb2 Rg5 33. Rd3 Re5 34. Rd4 Rg5 35. Rd3 Rg4 36. Re3 Kf6 37. Kc3 Ke5 38. Kd3 a5 39. a3 f6 40. b4 axb4 41. axb4 Rg8 42. c5 b5 43. Kc3 Ra8 44. Kb3 Kd4 45. Re1 e5 46. g4 Ra6 47. Kb2 Kd3 48. Kb3 h6 49. Rh1 Kxe4 50. Rxh6 Kf4 51. Rg6 e4 52. g5 Kf5 53. Rxf6+ Rxf6 54. gxf6 Kxf6 55. Kc3 Ke5 56. Kd2 Kd5 57. Ke3 Ke5 58. Ke2 Kd5 59. Kf2 Ke5 60. Ke2 Kd5 61. Ke3 Ke5 62. c6 Kd6 63. Kxe4 Kxc6 64. Ke5 Kc7 65. Kd5 Kd7 66. Kc5 Kc7 67. Kxb5 Kb7 68. Kc5 Kc7 69. Kd4 Kc6 70. Kc4 Kb6 71. Kc3 Kb5 72. Kb3 Kb6 73. Ka4 Ka6 74. b5+ Kb6 75. Kb4 Kb7 76. Ka5 Ka7 77. Kb4 Kb6 78. Kc4 Kc7 79. Kc5 Kb7 80. b6 Kb8 81. Kc6 Kc8 82. Kb5 Kb7 83. Ka5 Kb8 84. Ka6 Ka8 85. b7+ Kb8 86. Kb6 1/2-1/2


[Site "https://www.chess.com"]

[Event "Titled Tuesday Blitz July 11 Late 2023"]
[White "Osmak, Yuliia"]
[Black "Rastbod, Ali"]
[WhiteFideId "14101602"]
[BlackFideId "12567477"]
[WhiteElo "2523"]
[BlackElo "2683"]
[Result "0-1"]
[Round "8"]
[TimeControl "180+2"]
[Date "2023.07.11"]
[WhiteClock "0:00:00"]
[BlackClock "0:00:06"]
[Board "47"]

1. e4 c6 2. d4 d5 3. e5 c5 4. dxc5 e6 5. a3 Bxc5 6. b4 Be7 7. Nf3 a5 8. b5 Nd7 9. Bb2 f6 10. Bd3 Nh6 11. O-O Nf7 12. exf6 Bxf6 13. Bxf6 Qxf6 14. Nbd2 O-O 15. c4 Nc5 16. Bc2 a4 17. Re1 Nd6 18. Qe2 b6 19. cxd5 exd5 20. Qe5 Qxe5 21. Rxe5 Nxb5 22. Rxd5 Bb7 23. Rh5 g6 24. Rh4 Rf6 25. Rb4 Nc3 26. Re1 Nd5 27. Rb2 Nf4 28. Re3 Rd8 29. Rb1 Nxg2 30. Kxg2 Rxd2 31. Bd1 Rfd6 32. Be2 Nb3 33. Bc4+ Kf8 34. Bxb3 axb3 35. Rbxb3 Ra2 36. Kg3 Rf6 37. Rec3 Bd5 38. Rb5 Bxf3 39. Rxf3 Rxf3+ 40. Kxf3 Rxa3+ 41. Kg4 Ra6 42. f4 Ke7 43. Kg5 Ra5 0-1


[Site "https://www.chess.com"]

[Event "Titled Tuesday Blitz July 11 Late 2023"]
[White "Deng, Henry"]
[Black "Goryachkina, Aleksandra"]
[WhiteFideId "30965454"]
[BlackFideId "4147103"]
[WhiteElo "2518"]
[BlackElo "2672"]
[Result "1/2-1/2"]
[Round "8"]
[TimeControl "180+2"]
[Date "2023.07.11"]
[WhiteClock "0:00:14"]
[BlackClock "0:00:04"]
[Board "48"]

1. e4 c5 2. Nc3 e6 3. Nf3 Nc6 4. d4 cxd4 5. Nxd4 Qc7 6. Be3 a6 7. f4 b5 8. Qf3 Bb7 9. Bd3 Rc8 10. O-O-O Nf6 11. Kb1 Nxd4 12. Bxd4 Bc5 13. Bxf6 gxf6 14. f5 Qe5 15. Qh5 Bc6 16. Be2 Bd4 17. fxe6 dxe6 18. Rd3 Ke7 19. Rhd1 Qxh5 20. Bxh5 Bxc3 21. bxc3 Rc7 22. Bf3 Rhc8 23. Kb2 a5 24. a3 Be8 25. h4 Rc4 26. Kb3 R4c5 27. R1d2 h6 28. Kb2 Bc6 29. Rd4 Rc7 30. R4d3 Rd7 31. Rxd7+ Bxd7 32. Kb3 Bc6 33. Rd4 Re5 34. c4 Rc5 35. cxb5 Rxb5+ 36. Kc3 Rb1 37. Rc4 Bd7 38. Rc5 a4 39. e5 fxe5 40. Rxe5 f5 41. Ra5 Kf6 42. Ra7 Be8 43. Ra8 Bd7 44. Ra7 Be8 45. Ra8 Bd7 46. Ra7 1/2-1/2


[Site "https://www.chess.com"]

[Event "Titled Tuesday Blitz July 11 Late 2023"]
[White "Zhang, Derek"]
[Black "Mikhailov, Viacheslav"]
[WhiteFideId "2087871"]
[BlackFideId "4187369"]
[WhiteElo "2514"]
[BlackElo "2648"]
[Result "0-1"]
[Round "8"]
[TimeControl "180+2"]
[Date "2023.07.11"]
[WhiteClock "0:00:08"]
[BlackClock "0:00:22"]
[Board "49"]

1. Nf3 c5 2. c4 Nc6 3. e3 g6 4. d4 cxd4 5. exd4 Bg7 6. Nc3 Nf6 7. d5 Nb8 8. Be3 O-O 9. Be2 d6 10. Bd4 Bg4 11. O-O Nbd7 12. Rc1 Rc8 13. b3 a6 14. h3 Bxf3 15. Bxf3 Re8 16. Re1 Qa5 17. Be2 Nf8 18. Bf1 Nh5 19. Bxg7 Nxg7 20. Rc2 b5 21. cxb5 axb5 22. Bxb5 Rxc3 23. Bxe8 Rxc2 24. Bxf7+ Kxf7 25. Qf3+ Nf5 26. Rd1 Qc3 27. Qe4 Rxa2 28. g4 Nh4 29. Rd3 Qa1+ 30. Kh2 Rxf2+ 31. Kg3 Rg2+ 32. Kxh4 Qf6+ 33. g5 Qxg5# 0-1


[Site "https://www.chess.com"]

[Event "Titled Tuesday Blitz July 11 Late 2023"]
[White "Forgacs, Attila Jr."]
[Black "Fantinel, Thibault"]
[WhiteFideId "773654"]
[BlackFideId "663395"]
[WhiteElo "2514"]
[BlackElo "2642"]
[Result "1/2-1/2"]
[Round "8"]
[TimeControl "180+2"]
[Date "2023.07.11"]
[WhiteClock "0:00:10"]
[BlackClock "0:00:19"]
[Board "50"]

1. e4 c5 2. Nf3 e6 3. d4 cxd4 4. Nxd4 Nf6 5. Nc3 Nc6 6. Nxc6 bxc6 7. e5 Nd5 8. Ne4 Qc7 9. f4 Qb6 10. c4 Bb4+ 11. Ke2 f5 12. exf6 Nxf6 13. Be3 Qd8 14. Nd6+ Bxd6 15. Qxd6 Bb7 16. Rd1 Rc8 17. Bd4 c5 18. Bxf6 gxf6 19. Kf2 Rc6 20. Qd2 d5 21. cxd5 Rd6 22. Bb5+ Kf8 23. f5 h5 24. fxe6 Rxd5 25. Qf4 Rg8 26. Qh6+ Rg7 27. Qh8+ Rg8 28. Qh6+ Rg7 29. Rxd5 Bxd5 30. Rd1 Kg8 31. g3 c4 32. Qe3 Rg5 33. Bxc4 Rf5+ 34. Kg1 Re5 35. Bxd5 Rxd5 36. Rxd5 Qxd5 37. e7 Qd1+ 38. Kg2 Qc2+ 39. Kf1 Qd1+ 40. Kf2 Qc2+ 41. Qe2 Qf5+ 42. Kg2 Qd5+ 43. Kh3 Qf5+ 44. Kg2 Qd5+ 45. Kf1 Qh1+ 46. Kf2 Qxh2+ 47. Kf3 Qxe2+ 48. Kxe2 Kf7 49. Kf3 Kxe7 50. b4 Kd6 51. Kf4 Kc6 52. Kf5 Kb5 53. Kxf6 Kxb4 54. Kg5 Ka3 55. Kxh5 Kxa2 56. g4 a5 57. g5 a4 58. g6 a3 59. g7 Kb1 60. g8=Q a2 61. Qg6+ Kb2 62. Qf6+ Kb1 63. Qb6+ Kc1 64. Qc5+ Kb1 65. Qb4+ Kc1 66. Qa4 Kb1 67. Qb3+ Ka1 68. Qc4 Kb1 69. Qd3+ Kb2 70. Qe2+ Kb1 71. Qe1+ Kb2 72. Qb4+ Kc1 73. Qa5 Kb1 74. Qf5+ Kb2 75. Qf2+ Kb1 76. Qb6+ Kc1 77. Qc5+ Kb1 78. Qb4+ Kc1 1/2-1/2


[Site "https://www.chess.com"]

[Event "Titled Tuesday Blitz July 11 Late 2023"]
[White "Ovchinnikov, Vsevolod"]
[Black "Mindhunter08"]
[WhiteFideId "24176842"]
[WhiteElo "2641"]
[BlackElo "2512"]
[Result "1-0"]
[Round "8"]
[TimeControl "180+2"]
[Date "2023.07.11"]
[WhiteClock "0:00:22"]
[BlackClock "0:00:15"]
[Board "51"]

1. d4 d5 2. c4 c6 3. Nf3 Nf6 4. g3 Bf5 5. Nc3 e6 6. Nh4 dxc4 7. Nxf5 exf5 8. e3 b5 9. Qf3 Bb4 10. Qxf5 Qd5 11. Qxd5 Nxd5 12. Bd2 Nd7 13. Bg2 N7f6 14. a4 Bxc3 15. bxc3 b4 16. cxb4 c3 17. Bc1 Nxb4 18. Rb1 a5 19. Ke2 O-O 20. Rb3 c2 21. Ba3 Rab8 22. Kd2 Rfc8 23. Bxb4 axb4 24. Rc1 c5 25. dxc5 Rxc5 26. Rxc2 Rd8+ 27. Kc1 Rh5 28. h4 Rb8 29. Rc4 Rf5 30. f4 g6 31. Bf3 Ra5 32. Rbxb4 Re8 33. Kd2 Nd7 34. Rb5 Ra7 35. Rb7 Rxb7 36. Bxb7 Nb6 37. Rb4 Rd8+ 38. Ke2 Nd7 39. Rd4 Kf8 40. Bc6 Ke7 41. Rxd7+ Rxd7 42. Bxd7 Kxd7 43. Kd3 Kc7 44. Kc4 Kb6 45. Kb4 f5 46. a5+ Ka6 47. Ka4 Ka7 48. Kb5 Kb7 49. a6+ Ka7 50. Ka5 Ka8 51. Kb6 Kb8 52. a7+ Ka8 53. Ka6 h5 54. Kb5 Kxa7 55. Kc6 Ka6 56. Kd5 Kb5 57. e4 fxe4 58. Kxe4 Kc4 59. f5 gxf5+ 60. Kxf5 Kd5 61. Kg5 Ke4 62. Kxh5 Kf3 63. Kg5 1-0


[Site "https://www.chess.com"]

[Event "Titled Tuesday Blitz July 11 Late 2023"]
[White "Di Berardino, Diego Rafael"]
[Black "Urbina Perez, Juan Antonio"]
[WhiteFideId "2105446"]
[BlackFideId "2217368"]
[WhiteElo "2624"]
[BlackElo "2508"]
[Result "0-1"]
[Round "8"]
[TimeControl "180+2"]
[Date "2023.07.11"]
[WhiteClock "0:00:01"]
[BlackClock "0:00:11"]
[Board "52"]

1. d4 d5 2. c4 c6 3. Nf3 Nf6 4. Nc3 a6 5. cxd5 cxd5 6. Bf4 Nc6 7. Ne5 e6 8. Nxc6 bxc6 9. Rc1 c5 10. e3 cxd4 11. exd4 Bd6 12. Be5 O-O 13. Bd3 Bxe5 14. dxe5 Nd7 15. f4 Qh4+ 16. g3 Qh3 17. Qf3 a5 18. Bf1 Qh6 19. Bb5 Rb8 20. O-O Nb6 21. b3 Bd7 22. Bd3 Rfc8 23. Ne2 Rxc1 24. Rxc1 Rc8 25. Rxc8+ Nxc8 26. Nd4 Ne7 27. Qd1 g6 28. Qc2 Nf5 29. Bxf5 gxf5 30. Kg2 Qf8 31. Qc3 Qd8 32. Qc5 Kg7 33. h3 Be8 34. Kf2 Qb8 35. Qe7 Qb6 36. Ke3 Bb5 37. g4 fxg4 38. hxg4 a4 39. b4 a3 40. f5 Bc4 41. f6+ Kg6 42. Qf8 Kg5 43. Qg7+ Kh4 44. Qxh7+ Kg3 45. Qg7 Qxb4 46. Qg5 Qc3# 0-1


[Site "https://www.chess.com"]

[Event "Titled Tuesday Blitz July 11 Late 2023"]
[White "Merino Garcia, Rafael II"]
[Black "Fiorito, Joaquin"]
[WhiteFideId "2209128"]
[BlackFideId "180173"]
[WhiteElo "2505"]
[BlackElo "2618"]
[Result "0-1"]
[Round "8"]
[TimeControl "180+2"]
[Date "2023.07.11"]
[WhiteClock "0:00:14"]
[BlackClock "0:01:32"]
[Board "53"]

1. d4 Nf6 2. Nf3 d5 3. g3 Bf5 4. Bg2 e6 5. c4 c6 6. Nc3 h6 7. Qb3 Qb6 8. c5 Qxb3 9. axb3 Na6 10. Ra4 Bc2 11. Nd2 Nc7 12. O-O Kd7 13. Ra3 b6 14. b4 Be7 15. Nf3 Kc8 16. Ne5 Kb7 17. Nxf7 Rhf8 18. Ne5 a5 19. cxb6 axb4 20. Rxa8 Nxa8 21. Nd1 Nxb6 22. Ne3 Bh7 23. Bd2 Nfd7 24. Nxd7 Nxd7 25. Bh3 Bg8 26. Rc1 Nb6 27. b3 Ra8 28. Ng4 Bd6 29. Ne5 Bxe5 30. dxe5 Nd7 31. f4 c5 32. e4 d4 33. Bf1 Ra3 34. Bc4 Nb6 35. f5 Nxc4 36. Rxc4 exf5 37. Rxc5 fxe4 38. Rb5+ Kc6 39. Rxb4 e3 40. Rxd4 exd2 41. Rxd2 Rxb3 42. Rd6+ Kc5 43. Rd7 g5 44. Rd6 Rb6 45. Rd8 Bd5 46. Kf2 Kd4 47. Rd6 Rxd6 48. exd6 Be6 49. Kf3 Kd5 50. h4 Kxd6 51. hxg5 hxg5 52. Ke4 Bg4 53. Ke3 Ke5 54. Kd3 Bf3 55. Ke3 g4 0-1


[Site "https://www.chess.com"]

[Event "Titled Tuesday Blitz July 11 Late 2023"]
[White "Ehlvest, Jaan"]
[Black "Rangel, Daniel"]
[WhiteFideId "4500016"]
[BlackFideId "2124475"]
[WhiteElo "2617"]
[BlackElo "2501"]
[Result "1-0"]
[Round "8"]
[TimeControl "180+2"]
[Date "2023.07.11"]
[WhiteClock "0:00:45"]
[BlackClock "0:00:00"]
[Board "54"]

1. c4 Nf6 2. Nc3 e6 3. Nf3 d5 4. d4 Be7 5. e3 O-O 6. b3 a5 7. Bd3 c6 8. O-O Nbd7 9. Qc2 Re8 10. a3 h6 11. Bb2 b6 12. e4 dxc4 13. bxc4 e5 14. dxe5 Ng4 15. Na4 Qc7 16. e6 fxe6 17. e5 Ndxe5 18. Nxe5 Nxe5 19. Bxe5 Qxe5 20. Nxb6 Rb8 21. Rfe1 Qf6 22. c5 e5 23. Nxc8 Rbxc8 24. Qc4+ Kh8 25. Qe4 Kg8 26. Rab1 Rc7 27. Rb6 Bxc5 28. Qc4+ Rf7 29. Qxc5 Kh8 30. Rxc6 Qf4 31. g3 Qf3 32. Bg6 Rff8 33. Bxe8 Rxe8 34. Rc8 Rxc8 35. Qxc8+ Kh7 36. Rxe5 Qd1+ 37. Kg2 1-0


[Site "https://www.chess.com"]